 Dungeon Crawl Stone Soup version 0.30-a0-634-g8abc85282e (webtiles) character file.

Game seed: 7977498802192486559

1624 Mitcholas the Cleaver (level 8, 0/49 HPs)
             Began as a Gargoyle Fighter on Jan 14, 2023.
             Was a Priest of Okawaru.
             Slain by an ogre
             ... wielding a +0 giant club
              (9 damage)
             ... on level 6 of the Dungeon.
             The game lasted 00:11:28 (4410 turns).

Mitcholas the Cleaver (Gargoyle Fighter)            Turns: 4410, Time: 00:11:29

Health: 0/49       AC: 20    Str: 22    XL:     8   Next: 97%
Magic:  7/8        EV:  6    Int:  9    God:    Okawaru [***...]
Gold:   341        SH:  4    Dex:  9    Spells: 7/7 levels left

rFire   . . .      SeeInvis .    a - +0 war axe
rCold   . . .      Faith    +    c - +0 buckler
rNeg    + . .      Spirit   .    j - +0 plate armour
rPois   ∞          Reflect  .    s - +0 helmet
rElec   +          Harm     .    l - scarf {repulsion}
rCorr   .          Rampage  .    H - +0 pair of gloves
Will    .....                    (no boots) Stlth
                                 n - amulet of faith
HPRegen 0.28/turn                (no ring)
MPRegen 0.11/turn                (no ring)

@: repel missiles
A: sickness immunity, AC +5, negative energy resistance 1, electricity
resistance, torment resistance 1, petrification resistance
a: Renounce Religion, Heroism


You were on level 6 of the Dungeon.
You worshipped Okawaru.
Okawaru was most pleased with you.
You visited 2 branches of the dungeon, and saw 7 of its levels.

You collected 341 gold pieces.

Inventory:

Hand Weapons
 a - a +0 war axe (weapon)
Missiles
 y - 2 throwing nets
 I - 4 poisoned darts (quivered)
Armour
 c - a +0 buckler (worn)
 j - a +0 plate armour (worn)
 l - a scarf of repulsion (worn)
 s - a +0 helmet (worn)
 D - a +0 kite shield
 H - a +0 pair of gloves (worn)
Jewellery
 n - an amulet of faith (around neck)
Wands
 v - a wand of flame (19)
 F - a wand of mindburst (2)
Scrolls
 b - 3 scrolls of teleportation {unknown}
 g - a scroll of immolation {unknown}
 h - 6 scrolls of identify {unknown}
 i - a scroll of vulnerability {unknown}
 k - 2 scrolls of poison {unknown}
 m - a scroll of fear {unknown}
 o - 2 scrolls of amnesia {unknown}
 t - a scroll of fog {unknown}
 w - a scroll of noise {unknown}
 z - 2 scrolls of enchant armour {unknown}
 A - a scroll of brand weapon {unknown}
 C - a scroll of summoning {unknown}
 G - a scroll of enchant weapon {unknown}
Potions
 d - 2 potions of might
 e - a potion of degeneration {unknown}
 f - a potion of ambrosia {unknown}
 p - a potion of flight {unknown}
 q - 2 potions of resistance {unknown}
 r - a potion of attraction {unknown}
 u - 2 potions of lignification {unknown}
 x - 2 potions of heal wounds {unknown}
 B - a potion of mutation {unknown}
 E - a potion of haste {unknown}


   Skills:
 + Level 5.1 Fighting
 * Level 8.5 Axes
 + Level 5.1 Armour
 + Level 5.1 Shields


You had 7 spell levels left.
You didn't know any spells.
Your spell library contained the following spells:

 Spells                   Type           Power      Damage    Failure   Level
 Petrify                  Tmut/Erth      0%         N/A       100%        4
 Irradiate                Conj/Tmut      0%         3d11      100%        5
 Sublimation of Blood     Necr           Unusable   N/A       N/A         2

Dungeon Overview and Level Annotations

Branches:
Dungeon (6/15)             Temple (1/1) D:5

Altars:
Ashenzari
Cheibriados
Dithmenos
Fedhas
Gozag
Hepliaklqana
Kikubaaqudgha
Makhleb
Nemelex Xobeh
Okawaru
Ru
Sif Muna
Trog
Uskayaw
Vehumet
Wu Jian
Xom
Yredelemnul
Zin


Innate Abilities, Weirdness & Mutations

You are immune to sickness and miasma.
Your stone body is resilient. (AC +5)
You are immune to poison.
You resist negative energy. (rN+)
You are resistant to electric shocks. (rElec)
You are resistant to unholy torment.
You are immune to petrification.


Message History

You hit Edmund but do no damage.
Edmund is heavily wounded.
Edmund hits you but does no damage.
You hit Edmund but do no damage.
Edmund is heavily wounded.
You block Edmund's attack.
You barely miss Edmund.
Edmund is heavily wounded.
Edmund hits you with a +7 flail of protection!
You barely miss Edmund.
Edmund is heavily wounded.
Edmund hits you with a +7 flail of protection!
* * * LOW HITPOINT WARNING * * *
You hit Edmund.
Edmund is heavily wounded.
You slash Edmund!
Edmund is severely wounded.
You feel like a meek peon again.
Edmund says, "A flail is better than a scythe, any day of the week!"
Edmund hits you with a +7 flail of protection.
* * * LOW HITPOINT WARNING * * *
Aiming: Mindburst
Press: ? - help, Shift-Dir - straight line, f - Edmund, p - ogre
Aim: Edmund, wielding a +7 flail of protection and wearing a +0 chain mail (severely wounded, chance to affect: 64%) Edmund's mind is blasted!
Edmund hits you with a +7 flail of protection.
* * * LOW HITPOINT WARNING * * *
Aiming: Mindburst
Press: ? - help, Shift-Dir - straight line, f/p - Edmund
Aim: Edmund, wielding a +7 flail of protection and wearing a +0 chain mail (almost dead, chance to affect: 64%) Edmund's mind is blasted!!
You blow up Edmund!
Okawaru accepts your kill.
Your Fighting skill increases to level 5!
Your Shields skill increases to level 5!
Aiming: Mindburst
Press: ? - help, Shift-Dir - straight line, f - ogre
Aim: an ogre, wielding a +0 giant club (lightly wounded, chance to affect: 64%)
The ogre's mind is blasted!!
The ogre hits you with a +0 giant club!
You die...

..................##........#
...................#.........
#................#...........
#..........#...#.#...........
#..###....####...##..........
#.# #....#####..##.......##.
#............#..##...# #
...###.......#......##
##@###........##
####O####....#.## . #.....#
##.)##.# @.. ##....#####.####
.....##......#..#..###.#
...(........>..........#
.............>...........#
........................##
.......................##


You could see an ogre.

Vanquished Creatures
  Sigmund (D:5)
  Eustachio (D:5)
  Edmund (D:6)
  Menkaure (D:4)
  An ogre (D:6)
  A centaur (D:5)
  A phantom (D:5)
  2 necrophages (D:5)
  2 scorpions (D:5)
  A killer bee (D:5)
  A howler monkey (D:3)
  An orc priest (D:4)
  5 hounds
  A jelly (D:5)
  5 iguanas
  Robin (D:2)
  7 adders
  An ufetubus (D:5)
  3 worms
  4 dart slugs
  8 orcs
  8 ball pythons
  8 endoplasms
  6 giant cockroaches
  7 goblins
  10 hobgoblins
  4 jackals (D:2)
  3 kobolds
  7 quokkas
  7 bats
  2 frilled lizards
  6 rats
117 creatures vanquished.

Vanquished Creatures (others)
  2 orc wizards (D:5)
2 creatures vanquished.

Grand Total: 119 creatures vanquished

Notes
Turn   | Place    | Note
-------+----------+-------------------------------------------
     0 | D:1      | Mitcholas the Gargoyle Fighter began the quest for the Orb.
     0 | D:1      | Reached XP level 1. HP: 14/14 MP: 1/1
    31 | D:1      | Reached skill level 2 in Axes
   102 | D:1      | Reached XP level 2. HP: 19/19 MP: 2/2
   502 | D:1      | Reached skill level 3 in Axes
   524 | D:1      | Reached XP level 3. HP: 19/23 MP: 3/3
   859 | D:2      | Found an iron altar of Okawaru.
   870 | D:2      | Became a worshipper of Warmaster Okawaru
  1123 | D:2      | Found a faded altar of an unknown god.
  1216 | D:2      | Reached XP level 4. HP: 23/28 MP: 4/4
  1263 | D:2      | Noticed Robin
  1270 | D:2      | Killed Robin
  1271 | D:2      | Reached skill level 4 in Axes
  1623 | D:3      | Reached XP level 5. HP: 23/32 MP: 5/5
  1890 | D:3      | Reached skill level 5 in Axes
  2262 | D:4      | Reached XP level 6. HP: 11/37 MP: 6/6
  2374 | D:4      | Noticed Menkaure
  2509 | D:4      | Killed Menkaure
  2509 | D:4      | Reached * piety under Okawaru
  2510 | D:4      | Reached skill level 6 in Axes
  2945 | D:5      | Entered Level 5 of the Dungeon
  2987 | D:5      | Reached XP level 7. HP: 41/41 MP: 7/7
  3034 | D:5      | Found a shimmering blue altar of Sif Muna.
  3117 | D:5      | Reached skill level 7 in Axes
  3180 | D:5      | Noticed Eustachio
  3194 | D:5      | Killed Eustachio
  3194 | D:5      | Reached ** piety under Okawaru
  3511 | D:5      | Reached XP level 8. HP: 40/48 MP: 8/8
  3633 | D:5      | Found a staircase to the Ecumenical Temple.
  3640 | Temple   | Entered the Ecumenical Temple
  3868 | D:5      | Noticed Sigmund
  3876 | D:5      | Killed Sigmund
  3876 | D:5      | Reached *** piety under Okawaru
  3949 | D:5      | Received a gift from Okawaru
  3950 | D:5      | Reached skill level 8 in Axes
  4235 | D:6      | Noticed a troll
  4380 | D:6      | Noticed Edmund
  4396 | D:6      | Reached skill level 5 in Armour
  4409 | D:6      | Killed Edmund
  4410 | D:6      | Reached skill level 5 in Fighting
  4410 | D:6      | Reached skill level 5 in Shields
  4410 | D:6      | Slain by an ogre

Illustrated notes

Levels and vault maps discovered:
D:1:      minmay_arrival_solitary_statue, layout_loops_ring
D:2:      layout_loops_ring, basic_altar, hellmonk_ecumenical_altar_crossroads,
          minmay_surrounded, uniq_robin
D:3:      layout_rooms, kennysheep_nondescript
D:4:      layout_basic, uniq_menkaure
D:5:      layout_cave_pools, led_sif_book, temple_green,
          hangedman_minor_gate_pass, uniq_eustachio, uniq_sigmund
D:6:      layout_cave_pools, uniq_duvessa, uniq_edmund
Temple:   minmay_crystal_spiral_temple

Skill      XL: |  1  2  3  4  5  6  7  8 |
---------------+-------------------------+-----
Axes           | 2 3 4 5 6 7 8 |  8.5
Fighting       | 4 5 |  5.1
Armour         | 4 5 |  5.1
Shields        | 4 5 |  5.1

Action                   |  1- 3 |  4- 6 |  7- 9 || total
-------------------------+-------+-------+-------++-------
Melee: War axe           |   121 |   131 |   161 ||   413
Throw: Dart              |       |       |     2 ||     2
Invok: Heroism           |       |       |     1 ||     1
Evoke: Wand              |       |       |    13 ||    13
Armor: Scale mail        |    15 |       |       ||    15
       Plate armour      |    67 |    75 |   117 ||   259
Dodge: Dodged            |    54 |    31 |    43 ||   128
       Repelled          |     2 |     1 |       ||     3
Block: Buckler           |    25 |    29 |    27 ||    81

Table legend: (Time is in decaauts)
 A = Elapsed time spent in this place.
 B = Non-inter-level travel time spent in this place.
 C = Inter-level travel time spent in this place.
 D = Time resting spent in this place.
 E = Time spent auto-exploring this place.
 F = Levels seen in this place.
 G = Mean time per level.
                   A        B        C        D        E       F      G
               +--------+--------+--------+--------+--------+-----+--------+
         Total |   4520 |   4235 |    285 |    354 |   2703 |   7 |  645.7 |
       Dungeon |   4308 |   4106 |    202 |    354 |   2591 |   6 |  718.0 |
        Temple |    211 |    128 |     83 |      0 |    112 |   1 |  211.0 |
               +--------+--------+--------+--------+--------+-----+--------+

Top non-repeatable levels by time:
     D:5: 1087 daAuts
     D:4: 970 daAuts
     D:2: 819 daAuts
     D:1: 751 daAuts
     D:3: 533 daAuts
  Temple: 211 daAuts
     D:6: 146 daAuts
